NYP
BOISE HAWKS @ STATE COLLEGE SPIKES
09/20/2049
 
TOP OF THE 1ST
Boise Hawks batting - Pitching for State College Spikes : RHP Jake Newman
Pitching: RHP Jake Newman
Batting: SHB Clayton Saunders 0-0: Ball
1-0: Called Strike
1-1: Bunt missed!
1-2: Foul Ball, location: 2F
1-2: SINGLE (Groundball, 25, EV 62.5 MPH) (infield hit)
Batting: SHB Justin Jackson 0-0: Ball
Clayton Saunders steals 2nd base
1-0: Ball
Passed Ball!
Clayton Saunders to third
2-0: Ball
3-0: Called Strike
3-1: Called Strike
3-2: Foul Ball, location: 2F
3-2: Strikes out swinging
Batting: LHB Jason Ryan 0-0: Called Strike
0-1: Ball
1-1: Swinging Strike
1-2: Ground out 4-3 (Groundball, 4, EV 85.6 MPH)
Clayton Saunders scores
Batting: RHB Justin Garrett 0-0: Ball
1-0: Swinging Strike
1-1: Foul Ball, location: 2F
1-2: Ball
2-2: Fly out, F6 (Popup, 6M, EV 58.1 MPH)
Top of the 1st over - 1 run, 1 hit, 0 errors, 0 left on base; Boise 1 - State College 0
BOTTOM OF THE 1ST
State College Spikes batting - Pitching for Boise Hawks : LHP Mike Pierce
Pitching: LHP Mike Pierce
Batting: LHB Ken Compton 0-0: Ball
1-0: Ball
2-0: Ground out 6-3 (Groundball, P, EV 89.4 MPH)
Batting: RHB Ben Politi 0-0: Ball
1-0: Ball
2-0: Called Strike
2-1: Ball
3-1: Fly out, F9 (Line Drive, 89M, EV 94.4 MPH)
Batting: RHB Juan Carrillo 0-0: Ball
1-0: Ball
2-0: Called Strike
2-1: TRIPLE (Flyball, 9D, EV 95.0 MPH)
Batting: RHB Nelson Salamanca 0-0: SINGLE (Groundball, 6MD, EV 103.1 MPH)
Juan Carrillo scores
Batting: LHB Ken Morehead 0-0: Called Strike
0-1: Ball
Wild Pitch!
Nelson Salamanca to second
1-1: Ball
2-1: Swinging Strike
2-2: Foul Ball, location: 2F
2-2: Fly out, F9 (Line Drive, 89M, EV 86.2 MPH)
Bottom of the 1st over - 1 run, 2 hits, 0 errors, 1 left on base; Boise 1 - State College 1
TOP OF THE 2ND
Boise Hawks batting - Pitching for State College Spikes : RHP Jake Newman
Batting: RHB Keith Giarratano 0-0: Swinging Strike
0-1: Ground out U3 (Groundball, 34S, EV 80.0 MPH)
Batting: RHB Kevin McKasson 0-0: Foul Ball, location: 2F
0-1: Swinging Strike
0-2: Strikes out looking
Batting: RHB Carlos de Jesus 0-0: DOUBLE (Line Drive, 78XD, EV 104.4 MPH)
Batting: RHB Chris Kinder 0-0: Swinging Strike
0-1: Swinging Strike
0-2: Foul Ball, location: 2F
0-2: Strikes out swinging
Top of the 2nd over - 0 runs, 1 hit, 0 errors, 1 left on base; Boise 1 - State College 1
BOTTOM OF THE 2ND
State College Spikes batting - Pitching for Boise Hawks : LHP Mike Pierce
Batting: RHB Shou-feng Chang 0-0: Foul Ball, location: 2F
0-1: Ball
1-1: SINGLE (Groundball, 4MD, EV 110.6 MPH)
Batting: RHB Mario Carbajal 0-0: Called Strike
0-1: Ball
1-1: Called Strike
1-2: Strikes out swinging
Batting: RHB Edgar Klockow 0-0: Ball
1-0: Ball
2-0: Ball
3-0: Base on Balls
Shou-feng Chang to second
Batting: RHB John James 0-0: Called Strike
0-1: Ball
1-1: Foul Ball, location: 2F
1-2: Strikes out swinging
Batting: LHB Ken Compton 0-0: Ball
1-0: Called Strike
1-1: Fielders Choice at 2nd, 6-4 (Groundball, 6, EV 86.9 MPH)
Bottom of the 2nd over - 0 runs, 1 hit, 0 errors, 2 left on base; Boise 1 - State College 1
TOP OF THE 3RD
Boise Hawks batting - Pitching for State College Spikes : RHP Jake Newman
Batting: RHB Bob Hayes 0-0: Foul Ball, location: 2F
0-1: Ball
1-1: Foul Ball, location: 2F
1-2: DOUBLE (Line Drive, 7LM, EV 107.5 MPH)
Batting: SHB Clayton Saunders 0-0: Called Strike
0-1: DOUBLE (Line Drive, 9LM, EV 112.5 MPH)
Bob Hayes scores
Batting: SHB Justin Jackson 0-0: Called Strike
Clayton Saunders steals 3rd base
0-1: Foul Ball, location: 2F
0-2: Strikes out swinging
Batting: LHB Jason Ryan 0-0: Ball
1-0: Ball
2-0: Ground out U3 (Groundball, 3, EV 85.0 MPH)
Batting: RHB Justin Garrett 0-0: Ball
1-0: Ball
2-0: Ball
3-0: Called Strike
3-1: SINGLE (Groundball, 34D, EV 97.5 MPH)
Clayton Saunders scores
Batting: RHB Keith Giarratano 0-0: Called Strike
0-1: Foul Ball, location: 2F
0-2: Strikes out swinging
Top of the 3rd over - 2 runs, 3 hits, 0 errors, 1 left on base; Boise 3 - State College 1
BOTTOM OF THE 3RD
State College Spikes batting - Pitching for Boise Hawks : LHP Mike Pierce
Batting: RHB Ben Politi 0-0: Ground out 1-3 (Groundball, 13S, EV 66.2 MPH)
Batting: RHB Juan Carrillo 0-0: Ball
1-0: Called Strike
1-1: Swinging Strike
1-2: Foul Ball, location: 2F
1-2: Ball
2-2: Strikes out swinging
Batting: RHB Nelson Salamanca 0-0: Ball
1-0: Foul Ball, location: 2F
1-1: Ball
2-1: Ball
3-1: Ground out 5-3 (Groundball, 56, EV 93.1 MPH)
Bottom of the 3rd over - 0 runs, 0 hits, 0 errors, 0 left on base; Boise 3 - State College 1
TOP OF THE 4TH
Boise Hawks batting - Pitching for State College Spikes : RHP Jake Newman
Batting: RHB Kevin McKasson 0-0: Ball
1-0: Foul Ball, location: 2F
1-1: Foul Ball, location: 2F
1-2: Ball
2-2: Ball
3-2: Base on Balls
Batting: RHB Carlos de Jesus 0-0: Called Strike
0-1: Ball
1-1: Foul Ball, location: 2F
1-2: Strikes out swinging
Batting: RHB Chris Kinder 0-0: Ball
Passed Ball!
Kevin McKasson to second
1-0: Called Strike
1-1: Swinging Strike
1-2: Foul Ball, location: 2F
1-2: Ball
2-2: Ball
3-2: SINGLE (Flyball, 8LS, EV 96.9 MPH)
Kevin McKasson to third
Batting: RHB Bob Hayes 0-0: Ball
1-0: Called Strike
1-1: Ball
Balk!
Kevin McKasson scores
Chris Kinder to second
2-1: Ball
3-1: Called Strike
3-2: Ground out 5-3 (Groundball, 56S, EV 81.9 MPH)
Batting: SHB Clayton Saunders 0-0: Ground out 3-1 (Groundball, 34, EV 90.6 MPH)
Top of the 4th over - 1 run, 1 hit, 0 errors, 1 left on base; Boise 4 - State College 1
BOTTOM OF THE 4TH
State College Spikes batting - Pitching for Boise Hawks : LHP Mike Pierce
Batting: LHB Ken Morehead 0-0: Called Strike
0-1: Ball
1-1: Ball
2-1: Ball
3-1: Base on Balls
Batting: RHB Shou-feng Chang 0-0: Ball
1-0: Foul Ball, location: 2F
1-1: DOUBLE (Line Drive, 5D, EV 97.5 MPH)
Ken Morehead to third
Batting: RHB Mario Carbajal 0-0: Ground out 1-3 (Groundball, 15S, EV 63.8 MPH)
Batting: RHB Edgar Klockow 0-0: Ball
1-0: Foul Ball, location: 2F
1-1: SINGLE (Groundball, 56, EV 100.0 MPH)
Ken Morehead scores
Shou-feng Chang to third
Batting: RHB John James 0-0: Called Strike
0-1: DOUBLE (Flyball, 8RD, EV 88.8 MPH)
Shou-feng Chang scores
Edgar Klockow to third
Batting: LHB Ken Compton 0-0: Called Strike
0-1: Called Strike
0-2: Ball
1-2: Ball
2-2: TRIPLE (Flyball, 9D, EV 92.5 MPH)
Edgar Klockow scores
John James scores
Pitching: LHP Josh Alvarez
Batting: RHB Ben Politi 0-0: Ball
1-0: Swinging Strike
1-1: Fly out, F9 (Flyball, 9D, EV 103.1 MPH)
Runner from 3rd tags up, OUT at HOME! 9-2
Bottom of the 4th over - 4 runs, 4 hits, 0 errors, 0 left on base; Boise 4 - State College 5
TOP OF THE 5TH
Boise Hawks batting - Pitching for State College Spikes : RHP Jake Newman
Batting: SHB Justin Jackson 0-0: Ball
1-0: Ball
2-0: SINGLE (Line Drive, 6MD, EV 96.9 MPH)
Batting: LHB Jason Ryan 0-0: Ball
1-0: Called Strike
1-1: Called Strike
1-2: Fly out, F9 (Flyball, 9S, EV 78.8 MPH)
Batting: RHB Justin Garrett 0-0: Called Strike
0-1: Ground out 4-3 (Groundball, 34, EV 95.6 MPH)
Justin Jackson to second
Batting: RHB Keith Giarratano 0-0: Ball
1-0: Called Strike
1-1: Fly out, F4 (Flyball, 34D, EV 94.4 MPH)
Top of the 5th over - 0 runs, 1 hit, 0 errors, 1 left on base; Boise 4 - State College 5
BOTTOM OF THE 5TH
State College Spikes batting - Pitching for Boise Hawks : LHP Josh Alvarez
Batting: RHB Juan Carrillo 0-0: Ball
1-0: Ball
2-0: Ball
3-0: Called Strike
3-1: Base on Balls
Batting: RHB Nelson Salamanca 0-0: Called Strike
0-1: Ball
1-1: Ball
2-1: Ball
3-1: Base on Balls
Juan Carrillo to second
Batting: LHB Ken Morehead 0-0: Called Strike
Juan Carrillo steals 3rd base
0-1: Ball
1-1: Foul Ball, location: 2F
1-2: Strikes out swinging
Batting: RHB Shou-feng Chang 0-0: Swinging Strike
0-1: Foul Ball, location: 2F
0-2: Strikes out swinging
Batting: RHB Mario Carbajal 0-0: Ball
1-0: Ball
2-0: Called Strike
2-1: Fly out, F9 (Flyball, 89D, EV 108.8 MPH)
Bottom of the 5th over - 0 runs, 0 hits, 0 errors, 2 left on base; Boise 4 - State College 5
TOP OF THE 6TH
Boise Hawks batting - Pitching for State College Spikes : RHP Jake Newman
Batting: RHB Kevin McKasson 0-0: Ball
1-0: Swinging Strike
1-1: Fly out, F8 (Flyball, 8RD, EV 110.0 MPH)
Batting: RHB Carlos de Jesus 0-0: Called Strike
0-1: Ball
1-1: Ball
2-1: Swinging Strike
2-2: Foul Ball, location: 2F
2-2: Foul Ball, location: 2F
2-2: Ball
3-2: Base on Balls
Batting: RHB Chris Kinder 0-0: Ball
1-0: Ball
2-0: Called Strike
2-1: Ball
Carlos de Jesus steals 2nd base
3-1: Foul Ball, location: 2F
3-2: Ground out 5-3 (Groundball, 56, EV 95.6 MPH)
Batting: RHB Bob Hayes 0-0: Ball
1-0: Ball
2-0: Foul Ball, location: 2F
2-1: Foul Ball, location: 2F
2-2: Ball
3-2: Strikes out swinging
Top of the 6th over - 0 runs, 0 hits, 0 errors, 1 left on base; Boise 4 - State College 5
BOTTOM OF THE 6TH
State College Spikes batting - Pitching for Boise Hawks : LHP Josh Alvarez
Batting: RHB Edgar Klockow 0-0: Called Strike
0-1: Ball
1-1: Ground out 5-3 (Groundball, 5S, EV 70.6 MPH)
Batting: RHB John James 0-0: Ball
1-0: Foul Ball, location: 2F
1-1: Ball
2-1: Foul Ball, location: 2F
2-2: Ball
3-2: Base on Balls
Batting: LHB Ken Compton 0-0: DOUBLE (Flyball, 78XD, EV 103.1 MPH)
John James to third
Batting: RHB Ben Politi 0-0: Called Strike
0-1: Ball
1-1: DOUBLE (Line Drive, 8RD, EV 85.6 MPH)
John James scores
Ken Compton scores
Batting: RHB Juan Carrillo 0-0: Ball
Ben Politi is caught stealing 3rd base 2-5
1-0: Ball
2-0: Ball
3-0: Base on Balls
Batting: RHB Nelson Salamanca 0-0: Ball
Juan Carrillo steals 2nd base
1-0: Ball
2-0: 2-RUN HOME RUN (Flyball, 7LD, EV 90.0 MPH), Distance : 330 ft
Pitching: RHP Tanner Brazeal
Batting: LHB Ken Morehead 0-0: Ball
1-0: Foul Ball, location: 2F
1-1: Foul Ball, location: 2F
1-2: Ball
2-2: Ball
3-2: Ground out 4-3 (Groundball, 4, EV 85.6 MPH)
Bottom of the 6th over - 4 runs, 3 hits, 0 errors, 0 left on base; Boise 4 - State College 9
TOP OF THE 7TH
Boise Hawks batting - Pitching for State College Spikes : RHP Jake Newman
Pitching: RHP Rich Frontczak
Batting: SHB Clayton Saunders 0-0: Ball
1-0: Called Strike
1-1: Ball
2-1: Swinging Strike
2-2: Foul Ball, location: 2F
2-2: Ball
3-2: Strikes out swinging
Batting: SHB Justin Jackson 0-0: Ball
1-0: Fly out, F8 (Line Drive, 89M, EV 93.1 MPH)
Batting: LHB Jason Ryan 0-0: Ball
1-0: Ball
2-0: Called Strike
2-1: Swinging Strike
2-2: Foul Ball, location: 2F
2-2: Foul Ball, location: 2F
2-2: Ball
3-2: Strikes out swinging
Top of the 7th over - 0 runs, 0 hits, 0 errors, 0 left on base; Boise 4 - State College 9
BOTTOM OF THE 7TH
State College Spikes batting - Pitching for Boise Hawks : RHP Tanner Brazeal
Batting: RHB Shou-feng Chang 0-0: Swinging Strike
0-1: Foul Ball, location: 2F
0-2: Ball
1-2: Ball
2-2: Foul Ball, location: 2F
2-2: Foul Ball, location: 2F
2-2: Ground out 6-3 (Groundball, 6, EV 106.2 MPH)
Batting: RHB Mario Carbajal 0-0: Called Strike
0-1: Ball
1-1: Called Strike
1-2: Ground out 4-3 (Groundball, 4M, EV 78.8 MPH)
Batting: RHB Edgar Klockow 0-0: Ball
1-0: Ground out 5-3 (Groundball, 56, EV 106.9 MPH)
Bottom of the 7th over - 0 runs, 0 hits, 0 errors, 0 left on base; Boise 4 - State College 9
TOP OF THE 8TH
Boise Hawks batting - Pitching for State College Spikes : RHP Rich Frontczak
Batting: RHB Justin Garrett 0-0: Called Strike
0-1: Ball
1-1: Called Strike
1-2: Foul Ball, location: 2F
1-2: Ground out 4-3 (Groundball, 4, EV 85.6 MPH)
Batting: RHB Keith Giarratano 0-0: Ball
1-0: Ball
2-0: Ball
3-0: Called Strike
3-1: Base on Balls
Batting: RHB Kevin McKasson 0-0: Ball
1-0: Ball
2-0: Ball
3-0: Base on Balls
Keith Giarratano to second
Batting: RHB Carlos de Jesus 0-0: Called Strike
0-1: Ball
1-1: Foul Ball, location: 2F
1-2: Ball
2-2: Strikes out swinging
Batting: RHB Chris Kinder 0-0: Called Strike
0-1: Called Strike
0-2: Ball
1-2: Ball
Wild Pitch!
Keith Giarratano to third
Kevin McKasson to second
2-2: DOUBLE (Groundball, 3L, EV 106.2 MPH)
Keith Giarratano scores
Kevin McKasson scores
Batting: RHB Bob Hayes 0-0: Fly out, F9 (Line Drive, 89S, EV 97.5 MPH)
Top of the 8th over - 2 runs, 1 hit, 0 errors, 1 left on base; Boise 6 - State College 9
BOTTOM OF THE 8TH
State College Spikes batting - Pitching for Boise Hawks : RHP Tanner Brazeal
Batting: RHB John James 0-0: Ball
1-0: Fly out, F9 (Flyball, 9LM, EV 102.5 MPH)
Batting: LHB Ken Compton 0-0: Fly out, F6 (Line Drive, 6, EV 65.6 MPH)
Batting: RHB Ben Politi 0-0: Ball
1-0: Ball
2-0: Ball
3-0: Called Strike
3-1: Fly out, F8 (Flyball, 8LD, EV 103.1 MPH)
Bottom of the 8th over - 0 runs, 0 hits, 0 errors, 0 left on base; Boise 6 - State College 9
TOP OF THE 9TH
Boise Hawks batting - Pitching for State College Spikes : RHP Rich Frontczak
Pitching: RHP Jace Daniels
Batting: SHB Clayton Saunders 0-0: Ball
1-0: Swinging Strike
1-1: Foul Ball, location: 2F
1-2: Ball
2-2: Foul Ball, location: 2F
2-2: Foul Ball, location: 2F
2-2: Strikes out swinging, 2-3 out at first.
Batting: SHB Justin Jackson 0-0: Swinging Strike
0-1: Called Strike
0-2: Foul Ball, location: 2F
0-2: Strikes out swinging
Batting: LHB Jason Ryan 0-0: Called Strike
0-1: Called Strike
0-2: Strikes out looking
Top of the 9th over - 0 runs, 0 hits, 0 errors, 0 left on base; Boise 6 - State College 9
Sunday, July 16th , 2023 - OOTP Baseball 24.6 Build 69